 Dungeon Crawl Stone Soup version 0.31-a0-1118-gbca3d03946 (webtiles) character file.

Game seed: 17901595771657359028

956 gruber the Skirmisher (level 8, -1/44 HPs)
             Began as a Kobold Hunter on Dec 4, 2023.
             Shot with an arrow by a centaur (13 damage)
             ... on level 6 of the Dungeon.
             The game lasted 00:04:32 (4334 turns).

gruber the Skirmisher (Kobold Hunter)               Turns: 4334, Time: 00:04:32

Health: -1/44      AC:  5    Str: 14    XL:     8   Next: 36%
Magic:  8/8        EV: 18    Int: 10    God:
Gold:   208        SH:  0    Dex: 21    Spells: 7/7 levels left

rFire   . . .        a - +0 shortbow
rCold   . . .        (shield currently unavailable)
rNeg    . . .        c - +0 leather armour
rPois   .            (no helmet)
rElec   .            p - +0 cloak
rCorr   .            i - +0 pair of gloves
SInv    .            (no boots)
Will    .....        (no amulet)
Stlth   +++          k - +6 ring of strength
HPRegen 0.27/turn    (no ring)
MPRegen 0.11/turn

%: no passive effects
@: no status effects
A: small, no large weapons, nightstalker 3
a: no special abilities


You were on level 6 of the Dungeon.
You visited 1 branch of the dungeon, and saw 7 of its levels.

You collected 244 gold pieces.
You spent 36 gold pieces at shops.

Inventory:

Hand Weapons
 a - a +0 shortbow (weapon)
Armour
 c - a +0 leather armour (worn)
 i - a +0 pair of gloves (worn)
 p - a +0 cloak (worn)
Jewellery
 k - a +6 ring of strength (left hand)
 u - a ring of positive energy
Wands
 w - a wand of flame (44)
Scrolls
 b - a scroll of butterflies
 d - 4 scrolls of identify {unknown}
 e - a scroll of revelation {unknown}
 g - a scroll of noise {unknown}
 j - a scroll of teleportation {unknown}
 l - a scroll of silence {unknown}
 n - 2 scrolls of immolation {unknown}
 s - a scroll of poison {unknown}
 t - a scroll of brand weapon {unknown}
 x - a scroll of fear {unknown}
Potions
 f - a potion of brilliance {unknown}
 h - 2 potions of berserk rage {unknown}
 m - a potion of enlightenment {unknown}
 o - 2 potions of curing
 q - a potion of heal wounds {unknown}
 r - a potion of haste {unknown}
 v - a potion of mutation {unknown}


   Skills:
 - Level 2.1 Fighting
 - Level 11.1 Ranged Weapons
 * Level 6.5 Dodging
 - Level 1.3 Stealth


You had 7 spell levels left.
You didn't know any spells.
Your spell library contained the following spells:

 Spells                   Type           Power      Damage    Failure   Level
 Ensorcelled Hibernation  Hex/Ice        0%         N/A       58%         2
 Jinxbite                 Hex            0%         N/A       58%         2
 Ignite Poison            Fire/Tmut/Pois 0%         N/A       82%         3
 Anguish                  Hex/Necr       0%         N/A       99%         4
 Sticky Flame             Conj/Fire      0%         2d3       99%         4
 Ignition                 Fire           0%         3d3       100%        8


Dungeon Overview and Level Annotations

Branches:
Dungeon (7/15)
 Temple: D:4-7

Altars:
Qazlal
Trog
Wu Jian

Shops:
D:2 !

Annotations:
D:4 1 runed translucent door, Rayvis's ghost, amateur DsFi


Innate Abilities, Weirdness & Mutations

You are small and have problems with some larger weapons.
You are completely attuned to the shadows.


Message History

The wight closely misses you.
Unknown command.
Fire: a) +0 shortbow
Press: ? - help, Q - select action, (/) - cycle Shift-Dir - straight line, f/p - wight
Aim: a wight, wielding a +4 trident of freezing and wearing a +0 robe (heavily damaged, 68% to hit)
You shoot an arrow.
The arrow hits the wight but does no damage.
The wight is heavily damaged.
The wight misses you.
Unknown command.
Fire: a) +0 shortbow
Press: ? - help, Q - select action, (/) - cycle Shift-Dir - straight line, f/p - wight
Aim: a wight, wielding a +4 trident of freezing and wearing a +0 robe (heavily damaged, 68% to hit)
You shoot an arrow. The arrow hits the wight!
The wight is almost destroyed.
The wight misses you.
Unknown command.
Fire: a) +0 shortbow
Press: ? - help, Q - select action, (/) - cycle Shift-Dir - straight line, f - centaur, p - wight
Aim: a centaur (77% to hit)
You shoot an arrow. The arrow hits the wight.
You destroy the wight!
Your life force feels restored.
Fire: a) +0 shortbow
Press: ? - help, Q - select action, (/) - cycle Shift-Dir - straight line, f - ufetubus
Aim: an ufetubus (54% to hit)
You shoot an arrow. The arrow hits the ufetubus.
The ufetubus is lightly wounded.
The ufetubus barely misses you. The ufetubus misses you.
Fire: a) +0 shortbow
Press: ? - help, Q - select action, (/) - cycle Shift-Dir - straight line, f/p - ufetubus
Aim: an ufetubus (lightly wounded, 54% to hit)
You shoot an arrow. The arrow hits the ufetubus!
The ufetubus is almost dead.
The ufetubus slips past you! The ufetubus hits you.
* * * LOW HITPOINT WARNING * * *
The ufetubus hits you but does no damage.
The centaur wields a +1 orcbow of draining.
You sense an unholy aura.
The centaur shoots an arrow.
The arrow hits you!
You die...

+..#.#..#.#
#.# ##
#..##..# #.#
#.c.#..##..#
#.#
#.#.#.#..#.#
#...#......#
##'#######'##
#..)c#.....#
#.##.#.#.#.#
#.##@#..#..#
#...5†.#.#.#
######.....#
#######


You could see a centaur and an ufetubus.

Vanquished Creatures
  Grinder (D:3)
  An ogre (D:6)
  A wight (D:6)
  A quasit (D:4)
  4 hounds
  A gnoll bouda (D:5)
  An iguana (D:6)
  2 sleepcaps (D:6)
  Robin (D:3)
  7 adders
  8 gnolls
  5 shadow imps (D:4)
  6 white imps
  3 ufetubi (D:4)
  A worm (D:3)
  3 dart slugs
  3 orcs
  11 endoplasms
  A giant cockroach (D:3)
  9 hobgoblins
  2 jackals (D:4)
  6 quokkas
  5 ball pythons
  2 bats
  4 frilled lizards
  16 goblins
  15 kobolds
  9 rats
129 creatures vanquished.

Notes
Turn   | Place    | Note
-------+----------+-------------------------------------------
     0 | D:1      | gruber the Kobold Hunter began the quest for the Orb.
     0 | D:1      | Reached XP level 1. HP: 12/12 MP: 1/1
    73 | D:1      | Reached XP level 2. HP: 16/17 MP: 2/2
   130 | D:1      | Reached skill level 6 in Ranged Weapons
   279 | D:1      | Reached XP level 3. HP: 21/21 MP: 3/3
   500 | D:2      | Reached skill level 7 in Ranged Weapons
   500 | D:2      | Reached XP level 4. HP: 11/26 MP: 4/4
   873 | D:2      | Reached XP level 5. HP: 30/30 MP: 5/5
   881 | D:2      | Reached skill level 8 in Ranged Weapons
  1325 | D:2      | Found Daugirch's Distillery.
  1330 | D:2      | Bought a potion of curing for 36 gold pieces
  2129 | D:3      | Found a bloodstained altar of Trog.
  2354 | D:3      | Noticed Robin
  2373 | D:3      | Killed Robin
  2374 | D:3      | Reached XP level 6. HP: 27/35 MP: 6/6
  2400 | D:3      | Noticed Grinder
  2403 | D:3      | Paralysed by Grinder for 5 turns
  2425 | D:3      | Killed Grinder
  2426 | D:3      | Reached skill level 10 in Ranged Weapons
  2426 | D:3      | Reached XP level 7. HP: 18/40 MP: 7/7
  2588 | D:4      | Found an ornate altar of the Wu Jian Council.
  2918 | D:4      | Reached skill level 11 in Ranged Weapons
  3441 | D:4      | Found a runed translucent door.
  3441 | D:4      | Noticed Rayvis's ghost (amateur DsFi)
  3627 | D:5      | Entered Level 5 of the Dungeon
  3773 | D:5      | Found a stormy altar of Qazlal.
  3791 | D:5      | You fall into a shaft and drop 2 floors!
  3899 | D:6      | Reached skill level 5 in Dodging
  3899 | D:6      | Reached XP level 8. HP: 22/44 MP: 8/8
  4275 | D:6      | Noticed a manticore
  4334 | D:6      | Shot with an arrow by a centaur

Illustrated notes

Levels and vault maps discovered:
D:1:      scummos_arrival_star, layout_rooms, grunt_decor_fettered,
          minmay_misc_feat_enclosed
D:2:      layout_basic, serial_corexii_hall, corexii_hall_statues_i,
          chequers_hall_statues_y, serial_shops, shop, nicolae_grassy_gnolls
D:3:      layout_basic, trog_butcher_becter, uniq_robin, uniq_grinder
D:4:      layout_cave_pools, amcnicky_altar_gilded, serial_demonic,
          serial_demonic_f, serial_demonic_a, serial_demonic_g,
          serial_demonic_d, serial_demonic_b, serial_demonic_d,
          hellmonk_ghost_happy_afterlife
D:5:      layout_loops_cross, kennysheep_okawaru_gauntlet,
          grunt_qazlal_sundering
D:6:      minmay_clustersquares, layout_basic, minmay_temple_entry_mini_moons,
          uniq_jeremiah
D:7:      layout_loops_cross

Skill      XL: |  1  2  3  4  5  6  7  8 |
---------------+-------------------------+-----
Ranged Weapons | 6 7 8 10 11 | 11.1
Dodging        | 5 6 |  6.5
Fighting       | |  2.1
Stealth        | |  1.3

Action                     |  1- 3 |  4- 6 |  7- 9 || total
---------------------------+-------+-------+-------++-------
   Fire: Shortbow          |    67 |   164 |   213 ||   444
    Use: Potion            |       |       |     3 ||     3
 Armour: Leather armour    |    16 |    33 |    81 ||   130
  Dodge: Dodged            |    21 |    39 |   122 ||   182

Table legend: (Time is in decaauts)
 A = Elapsed time spent in this place.
 B = Non-inter-level travel time spent in this place.
 C = Inter-level travel time spent in this place.
 D = Time resting spent in this place.
 E = Time spent auto-exploring this place.
 F = Levels seen in this place.
 G = Mean time per level.
                   A        B        C        D        E       F      G
               +--------+--------+--------+--------+--------+-----+--------+
         Total |   4320 |   4215 |    105 |    326 |   3222 |   7 |  617.1 |
       Dungeon |   4320 |   4215 |    105 |    326 |   3222 |   7 |  617.1 |
               +--------+--------+--------+--------+--------+-----+--------+

Top non-repeatable levels by time:
     D:3: 1129 daAuts
     D:4: 1038 daAuts
     D:2: 971 daAuts
     D:1: 488 daAuts
     D:6: 432 daAuts
     D:5: 161 daAuts
     D:7: 99 daAuts
